 Dungeon Crawl Stone Soup version 0.29-a0-334-gb41bcbb86e (webtiles) character file.

Game seed: 6436650196457459531

11529 zishaf the Party-goer (level 11, -2/62 HPs)
             Began as a Vine Stalker Brigand on Apr 16, 2022.
             Was a Priest of Uskayaw.
             Slain by Snorg (10 damage)
             ... on level 10 of the Dungeon.
             The game lasted 00:22:21 (9020 turns).

zishaf the Party-goer (Vine Stalker Brigand)        Turns: 9020, Time: 00:22:22

Health: -2/62      AC: 10    Str: 14    XL:     11   Next: 79%
Magic:  0/20       EV: 10    Int: 11    God:    Uskayaw [***...]
Gold:   696        SH:  0    Dex: 20    Spells: 10/10 levels left

rFire   + . .      SeeInvis .   a - +3 dagger
rCold   . . .      Faith    .   (no shield)
rNeg    . . .      Spirit   +   x - +2 leather armour {rF+}
rPois   .          Reflect  +   l - +2 hat
rElec   .          Harm     .   c - +0 cloak
rCorr   .          Rampage  .   (no gloves)
Will    +....                   C - +1 pair of boots
Stlth   ++++......              H - amulet of reflection
HPRegen 1.00/turn               h - +4 ring of evasion
MPRegen 0.17/turn               N - +4 ring of slaying

@: marked, held
A: fangs 3, regeneration 1, magic shield, antimagic bite, no potion heal 2
a: Renounce Religion, Stomp, Line Pass


You were on level 10 of the Dungeon.
You worshipped Uskayaw.
Uskayaw was aware of your devotion.
You visited 2 branches of the dungeon, and saw 11 of its levels.
You also visited: Bailey.

You collected 696 gold pieces.

Inventory:

Hand Weapons
 a - a +3 dagger (weapon)
 b - a +0 hunting sling
 J - a +2 short sword of protection
Missiles
 d - 31 poisoned darts
 e - 15 curare-tipped darts (quivered)
 G - 2 throwing nets
Armour
 c - a +0 cloak (worn)
 l - a +2 hat (worn)
 u - a +0 robe
 x - a +2 leather armour of fire resistance (worn)
 C - a +1 pair of boots (worn)
Jewellery
 h - a +4 ring of evasion (left hand)
 i - a +4 ring of evasion
 k - an amulet of magic regeneration
 D - an amulet of the acrobat
 H - an amulet of reflection (around neck)
 I - a +6 ring of intelligence
 K - a ring of see invisible
 N - a +4 ring of slaying (right hand)
 Q - a ring of flight
Wands
 v - a wand of charming (17)
 y - a wand of acid (6)
 E - a wand of digging (8)
 P - a wand of polymorph (6)
Scrolls
 n - 2 scrolls of holy word
 o - a scroll of teleportation {unknown}
 p - 3 scrolls of immolation
 s - 3 scrolls of torment
 B - 2 scrolls of enchant armour
 F - 3 scrolls of fog
 R - a scroll of blinking
 S - 2 scrolls of amnesia
 T - a scroll of enchant weapon
Potions
 f - a potion of degeneration
 g - 6 potions of might
 j - 7 potions of curing
 m - 2 potions of attraction {unknown}
 q - 6 potions of cancellation {unknown}
 r - 3 potions of berserk rage
 t - 4 potions of lignification {unknown}
 w - a potion of flight {unknown}
 A - 3 potions of haste
 L - 3 potions of mutation {unknown}
 M - 2 potions of resistance {unknown}
 O - a potion of brilliance {unknown}
Miscellaneous
 z - a lightning rod (4/4)


   Skills:
 + Level 9.0 Fighting
 + Level 9.0 Short Blades
 - Level 1.7 Throwing
 - Level 0.7 Dodging
 - Level 10.0 Stealth
 * Level 10.6 Invocations


You had 10 spell levels left.
You didn't know any spells.
Your spell library contained the following spells:

 Spells                   Type           Power      Damage    Failure   Level
 Animate Skeleton         Necr           0%         N/A       41%         1
 Foxfire                  Conj/Fire      0%         2x1d4     41%         1
 Freeze                   Ice            0%         1d3       41%         1
 Magic Dart               Conj           0%         1d3       41%         1
 Pain                     Necr           0%         1d4       41%         1
 Searing Ray              Conj           0%         2d4       56%         2
 Call Canine Familiar     Summ           0%         N/A       80%         3
 Conjure Flame            Conj/Fire      0%         6-21      80%         3
 Frozen Ramparts          Ice            0%         1d2       80%         3
 Ignite Poison            Fire/Tmut/Pois 0%         N/A       80%         3
 Inner Flame              Hex/Fire       0%         N/A       80%         3
 Mephitic Cloud           Conj/Pois/Air  0%         N/A       80%         3
 Ozocubu's Armour         Ice            0%         N/A       80%         3
 Portal Projectile        Hex/Tloc       0%         N/A       80%         3
 Vampiric Draining        Necr           0%         2d6       80%         3
 Flame Wave               Conj/Fire      0%         2d4       99%         4
 Fulminant Prism          Conj/Hex       0%         3d6       99%         4
 Hailstorm                Conj/Ice       0%         3d3       99%         4
 Leda's Liquefaction      Hex/Erth       0%         N/A       99%         4
 Sticky Flame             Conj/Fire      0%         2d3       99%         4
 Freezing Cloud           Conj/Ice/Air   0%         6-21      100%        5
 Ozocubu's Refrigeration  Ice            0%         4d5       100%        7


Dungeon Overview and Level Annotations

Branches:
Dungeon (10/15)            Temple (1/1) D:5            Lair (0/6) D:9
 Bailey (visited)
    Orc: D:9-12

Altars:
Ashenzari
Cheibriados
Dithmenos
Elyvilon
Fedhas
Gozag
Hepliaklqana
Kikubaaqudgha
Makhleb
Nemelex Xobeh
Okawaru
Qazlal
Ru
Trog
Uskayaw
Vehumet
Wu Jian
Xom
Yredelemnul
Zin
The Shining One

Shops:
D:3 (   D:7 (   D:8 :   D:9 (

Annotations:
D:10 Harold, Snorg


Innate Abilities, Weirdness & Mutations

You have razor-sharp teeth.
Your natural rate of healing is unusually fast.
When hurt, damage is shared between your health and your magic reserves.
Your bite disrupts and absorbs the magic of your enemies.
Potions cannot restore your health.


Message History

You feel invigorated.
Snorg is lightly wounded.
You block Snorg's attack. Snorg claws you! Snorg closely misses you.
You hit Snorg.
Snorg is lightly wounded.
You closely miss Snorg. You bite Snorg. You drain her power.
You feel invigorated.
Snorg is lightly wounded.
Snorg closely misses you. Snorg claws you. You block Snorg's attack.
You puncture Snorg! You bite Snorg. You drain her power.
You feel invigorated.
Snorg is moderately wounded.
Snorg bites you!! Snorg barely misses you. Snorg completely misses you.
You puncture Snorg!
Snorg is moderately wounded.
Snorg bites you!
* * * LOW HITPOINT WARNING * * *
Snorg misses you. Snorg claws you.
* * * LOW HITPOINT WARNING * * *
You hit Snorg. You bite Snorg. You drain her power.
You feel invigorated.
Snorg is moderately wounded.
Harold points at you and mumbles some strange words.
A sentinel's mark forms upon you.
Snorg barely misses you. x2; You block Snorg's attack.
Blink to where?
Press: ? - help, Dir - move target
As you read the scroll of blinking, it crumbles to dust.
You hear a shout!
Snorg is no longer sharing her pain.
Snorg rages.
Snorg rages.
Harold throws a throwing net.
The throwing net hits you.
You become entangled in the net!
You see here a throwing net.
You struggle against the net.
You struggle against the net.
Snorg bites you!!
* * * LOW HITPOINT WARNING * * *
Snorg claws you.
* * * LOW HITPOINT WARNING * * *
Snorg claws you!
You die...

#...# #...#########
#...#.......# ##...#.......#
.######## ##....#.......#
........# #.....#.......#
#######.### #.#)))#........
#####...####...##)).......
..[.........@.....#.........
#########...T...#.....######
#####.........#.....# #
#.....#........(....#
..#.#####.......##....##
................##....#
..###........@.......... #.#
###..........##. ...
#...........


You could see Snorg (berserk) and Harold.

Vanquished Creatures
  A centaur warrior (D:9)
  A tengu warrior (D:9)
  Nergalle (D:10)
  An elephant (D:9)
  Psyche (D:10)
  Grinder (D:3)
  A hornet (D:8)
  2 shadows
  Sigmund (D:3)
  A wraith (D:9)
  23 yaks
  3 basilisks (D:9)
  2 steam dragons
  Duvessa (D:7)
  A sky beast (D:5)
  2 orc warriors
  2 black bears (D:6)
  3 ice beasts
  5 ogres
  2 phantoms
  2 kobold brigands (D:9)
  2 gnoll sergeants
  4 bullfrogs
  A necrophage (D:6)
  4 scorpions
  6 wights
  8 killer bees (D:8)
  Dowan (D:7)
  A vampire bat (D:5)
  A howler monkey (D:8)
  3 hounds
  A jelly (D:6)
  A gnoll shaman (D:8)
  Crazy Yiuf (D:2)
  5 orc priests
  Natasha (thrice) (D:2)
  6 iguanas
  12 orc wizards
  Robin (D:3)
  7 adders
  20 gnolls
  A shadow imp (D:7)
  A white imp (D:6)
  2 worms
  2 dart slugs
  38 orcs
  5 ball pythons
  A bat skeleton (D:5)
  4 bat zombies (D:5)
  6 endoplasms
  3 giant cockroaches
  14 goblins
  8 hobgoblins
  9 quokkas
  5 bats
  5 frilled lizards
  14 kobolds
  A rat (D:1)
264 creatures vanquished.

Vanquished Creatures (others)
  2 orcs (D:10)
2 creatures vanquished.

Grand Total: 266 creatures vanquished

Notes
Turn   | Place    | Note
-------+----------+-------------------------------------------
     0 | D:1      | zishaf the Vine Stalker Brigand began the quest for the
                  | Orb.
     0 | D:1      | Reached XP level 1. HP: 11/11 MP: 2/2
    77 | D:1      | Reached skill level 5 in Stealth
    77 | D:1      | Reached XP level 2. HP: 15/15 MP: 3/3
   494 | D:1      | Reached XP level 3. HP: 18/18 MP: 4/4
   636 | D:2      | Noticed a phantom
   665 | D:2      | Killed a phantom
   666 | D:2      | Gained mutation: Your natural rate of healing is unusually
                  | fast. [Vine Stalker growth]
   666 | D:2      | Reached XP level 4. HP: 5/23 MP: 5/5
  1120 | D:2      | Noticed Natasha
  1127 | D:2      | Killed Natasha
  1128 | D:2      | Reached XP level 5. HP: 28/28 MP: 6/6
  1224 | D:2      | Found a faded altar of an unknown god.
  1302 | D:2      | Found a runed translucent door.
  1303 | D:2      | Noticed Crazy Yiuf
  1409 | D:2      | Noticed Natasha
  1420 | D:2      | Killed Natasha
  1522 | D:2      | Noticed Natasha
  1542 | D:2      | Killed Natasha
  1593 | D:2      | Killed Crazy Yiuf
  1594 | D:2      | Reached XP level 6. HP: 32/32 MP: 7/7
  1641 | D:3      | Found Tatiwi's Antique Weapon Shoppe.
  1877 | D:3      | Found a sacrificial altar of Ru.
  1909 | D:3      | You fall into a shaft and drop 3 floors!
  1909 | D:6      | Noticed an ice beast
  1973 | D:6      | Reached XP level 7. HP: 12/37 MP: 2/8
  2053 | D:5      | Entered Level 5 of the Dungeon
  2084 | D:5      | Found a staircase to the Ecumenical Temple.
  2097 | Temple   | Entered the Ecumenical Temple
  2126 | Temple   | Became a worshipper of Uskayaw the Reveller
  2167 | D:5      | Reached * piety under Uskayaw
  2174 | D:5      | Reached ** piety under Uskayaw
  2176 | D:5      | Reached skill level 5 in Fighting
  2176 | D:5      | Gained mutation: You have razor-sharp teeth. [Vine Stalker
                  | growth]
  2176 | D:5      | Reached XP level 8. HP: 21/43 MP: 9/9
  2325 | D:4      | Reached skill level 5 in Short Blades
  2455 | D:4      | Reached *** piety under Uskayaw
  2462 | D:4      | Reached **** piety under Uskayaw
  2514 | D:4      | Found a snail-covered altar of Cheibriados.
  2578 | D:3      | Noticed Grinder
  2589 | D:3      | Killed Grinder
  2697 | D:3      | Found an ornate altar of the Wu Jian Council.
  2710 | D:3      | Noticed Robin
  2726 | D:3      | Killed Robin
  3306 | D:3      | Noticed Sigmund
  3330 | D:3      | Killed Sigmund
  3331 | D:3      | Reached skill level 1 in Invocations
  3567 | D:4      | Reached XP level 9. HP: 48/48 MP: 11/11
  3685 | D:4      | Found a white marble altar of Elyvilon.
  3934 | D:5      | Found an ancient bone altar of Kikubaaqudgha.
  4719 | D:6      | Reached skill level 10 in Stealth
  4729 | D:6      | Reached ***** piety under Uskayaw
  5073 | D:7      | Reached skill level 5 in Invocations
  5138 | D:7      | Found Sopnyumedd's Weapon Shop.
  5164 | D:7      | Noticed Dowan
  5168 | D:7      | Noticed Duvessa
  5176 | D:7      | Killed Dowan
  5194 | D:7      | Killed Duvessa
  5461 | D:7      | Found an opulent altar of Gozag.
  5465 | D:7      | Found a burning altar of Makhleb.
  5468 | D:7      | Found a blossoming altar of Fedhas.
  5468 | D:7      | Found a shimmering altar of Xom.
  5475 | D:7      | Found a hazy altar of Hepliaklqana.
  5800 | D:8      | Noticed a hornet
  5834 | D:8      | Reached XP level 10. HP: 55/55 MP: 15/15
  5959 | D:8      | Found a flagged portal.
  5977 | Bailey   | Entered a bailey
  6621 | D:8      | Found Duwe's Book Emporium.
  7614 | D:9      | Noticed an elephant
  7703 | D:9      | Found a staircase to the Lair.
  7797 | D:9      | Killed an elephant
  7798 | D:9      | Reached XP level 11. HP: 10/60 MP: 3/18
  8105 | D:9      | Identified the +2 war axe of Conflict {vorpal, rC- Str+4
                  | Dex+2}
  8422 | D:9      | Noticed a tengu warrior
  8423 | D:9      | Noticed a centaur warrior
  8424 | D:9      | Killed a tengu warrior
  8430 | D:9      | Killed a centaur warrior
  8506 | D:9      | Reached skill level 10 in Invocations
  8536 | D:9      | Found Taotauj's Antique Weapon Emporium.
  8885 | D:10     | Entered Level 10 of the Dungeon
  8891 | D:10     | Noticed Nergalle
  8902 | D:10     | Killed Nergalle
  8916 | D:10     | Reached ****** piety under Uskayaw
  8983 | D:10     | Noticed Psyche
  8991 | D:10     | Noticed Snorg
  8993 | D:10     | Noticed Harold
  8998 | D:10     | Killed Psyche
  9020 | D:10     | Slain by Snorg

Illustrated notes

Levels and vault maps discovered:
D:1:      lightli_arrival_maybe_door_vault, layout_basic
D:2:      layout_basic, chequers_ecumenical_altar_grove, uniq_natasha,
          uniq_crazy_yiuf_cottage
D:3:      layout_basic, nicolae_wu_jian_glorious_leap,
          overflow_temple_1_default, serial_shops, shop, uniq_grinder,
          uniq_sigmund, uniq_robin
D:4:      layout_basic, mainiacjoe_overflow_tiny_flanked, cheibriados_altar_1,
          minmay_tree_intersection
D:5:      layout_gridville, kennysheep_vampire_church,
          minmay_temple_entry_slanted
D:6:      layout_basic, minivault_22
D:7:      layout_cave_pods, nicolae_overflow_hallway_of_the_gods, serial_shops,
          nicolae_shop_bloodbath_and_beyond, uniq_duvessa
D:8:      layout_basic, serial_shops, shop_coins, enter_bailey_3
D:9:      minmay_cornered_nines, layout_stronghold, david_lair_generic,
          serial_shops, kennysheep_little_box
D:10:     layout_rooms, serial_aquarium, aquarium_bridge_square
          [aquarium_subvault_window, aquarium_subvault_window,
          aquarium_subvault_bridge, aquarium_subvault_window],
          aquarium_bridge_long_separate [aquarium_subvault_wall,
          aquarium_subvault_bridge, aquarium_subvault_window,
          aquarium_subvault_wall, aquarium_subvault_bridge,
          aquarium_subvault_balcony], aquarium_window_1, aquarium_window_fake,
          aquarium_view_2b, aquarium_view_2d, aquarium_pool_five, uniq_psyche,
          uniq_snorg, uniq_nergalle, uniq_harold
Temple:   minmay_temple_bridge_abc

Skill      XL: |  1  2  3  4  5  6  7  8  9 10 11 |
---------------+----------------------------------+-----
Fighting       | 2 3 4 5 6 7 8 9 |  9.0
Short Blades   | 2 3 4 5 6 8 9 |  9.0
Stealth        | 5 6 7 8 9 10 | 10.0
Invocations    | 2 5 8 10 | 10.6
Throwing       | |  1.7
Dodging        | |  0.7

Action                   |  1- 3 |  4- 6 |  7- 9 | 10-12 || total
-------------------------+-------+-------+-------+-------++-------
Melee: Dagger            |    64 |   130 |   317 |   369 ||   880
       Bite              |    18 |    32 |   123 |   120 ||   293
       Punch             |       |     1 |     5 |     9 ||    15
 Fire: Hunting sling     |       |     2 |       |       ||     2
Throw: Dart              |       |     7 |     2 |       ||     9
Evoke: Lightning rod     |       |       |     3 |       ||     3
  Use: Scroll            |       |       |    14 |     2 ||    16
       Potion            |       |       |     1 |       ||     1
 Stab: Sleeping          |    10 |    13 |    19 |    19 ||    61
       Paralysed         |       |       |     4 |    22 ||    26
       Distracted        |       |       |     2 |       ||     2
Armor: Robe              |     6 |    35 |       |       ||    41
       Leather armour    |       |     3 |    42 |    53 ||    98
Dodge: Dodged            |    36 |    62 |   136 |   146 ||   380
Block: Other             |       |       |    24 |    51 ||    75
       Reflection        |       |       |       |     2 ||     2

Table legend: (Time is in decaauts)
 A = Elapsed time spent in this place.
 B = Non-inter-level travel time spent in this place.
 C = Inter-level travel time spent in this place.
 D = Time resting spent in this place.
 E = Time spent auto-exploring this place.
 F = Levels seen in this place.
 G = Mean time per level.
                   A        B        C        D        E       F      G
               +--------+--------+--------+--------+--------+-----+--------+
         Total |   8772 |   8572 |    200 |     87 |   6329 |  12 |  731.0 |
       Dungeon |   8362 |   8181 |    181 |     87 |   6078 |  10 |  836.2 |
        Temple |     49 |     30 |     19 |      0 |     19 |   1 |   49.0 |
        Bailey |    360 |    360 |      0 |      0 |    232 |   1 |  360.0 |
               +--------+--------+--------+--------+--------+-----+--------+

Top non-repeatable levels by time:
     D:9: 1458 daAuts
     D:8: 1161 daAuts
     D:3: 1085 daAuts
     D:2: 1035 daAuts
     D:7: 857 daAuts
     D:4: 723 daAuts
     D:5: 666 daAuts
     D:6: 637 daAuts
     D:1: 625 daAuts
  Bailey: 360 daAuts
    D:10: 109 daAuts
  Temple: 49 daAuts
